 Dungeon Crawl Stone Soup version 0.16.0-16-g311141a (webtiles) character file.

138 Zapata the Cudgeler (level 5, -1/32 HPs)
             Began as a Kobold Berserker on Mar 19, 2015.
             Was a Believer of Trog.
             Slain by Leybi's ghost (12 damage)
             ... on level 4 of the Dungeon.
             The game lasted 00:03:03 (2427 turns).

Zapata the Cudgeler (Kobold Berserker)              Turns: 2427, Time: 00:03:03

Health: -1/32      AC:  2    Str: 16    XL:     5   Next: 45%
Magic:  5/5        EV: 15    Int:  5    God:    Trog [**....]
Gold:   62         SH:  0    Dex: 16    Spells: 0 memorised, 4 levels left

rFire  . . .     SeeInvis .     a - +0 mace
rCold  . . .     Clarity  .     b - +0 animal skin
rNeg   . . .     SustAb   .     (no shield)
rPois  .         Gourm    .     (no helmet)
rElec  .         Spirit   .     (no cloak)
rCorr  .         Warding  .     (no gloves)
rMut   .         Stasis   .     (no boots)
MR     .....                    (no amulet)
Stlth  +.........               (no ring)
                                (no ring)

@: exhausted, slowed, very slow, not resistant to hostile enchantments, very
unstealthy
A: carnivore 3
a: Burn Spellbooks, Berserk, Trog's Hand, Renounce Religion


You were on level 4 of the Dungeon.
You worshipped Trog.
Trog was pleased with you.
You were not hungry.

You visited 1 branch of the dungeon, and saw 4 of its levels.

You collected 62 gold pieces.

Inventory:

Hand weapons
 a - a +0 mace (weapon)
Missiles
 e - 71 stones (quivered)
 r - 15 bolts
Armour
 b - a +0 animal skin (worn)
Jewellery
 v - the ring "Phehojyf" {Ice +Blink Str-3 Int-4 Dex+4 SInv, unknown}
   (You found it on level 4 of the Dungeon)

   [ring of ice]

   It enhances your ice magic, and weakens your fire magic.
   It affects your strength (-3).
   It affects your intelligence (-4).
   It affects your dexterity (+4).
   It makes you vulnerable to fire.
   It protects you from cold.
   It enhances your eyesight.
   It lets you blink.
Magical devices
 o - a wand of magic darts (9)
Scrolls
 d - a scroll of identify {unknown}
 h - a scroll of fog {unknown}
 i - a scroll of teleportation {unknown}
 k - 2 scrolls of random uselessness {unknown}
 l - a scroll of enchant weapon {unknown}
 n - 4 scrolls of remove curse {unknown}
 q - a scroll of blinking {unknown}
 s - a scroll of amnesia {unknown}
 t - a scroll of recharging {unknown}
 u - a scroll of enchant armour {unknown}
Potions
 f - a potion of magic {unknown}
 g - 2 potions of curing {unknown}
 j - 2 potions of lignification {unknown}
 m - a potion of heal wounds {unknown}
 p - a potion of ambrosia {unknown}
Comestibles
 c - a meat ration


   Skills:
 - Level 3.2 Fighting
 + Level 5.7 Maces & Flails
 - Level 1.5 Armour
 - Level 2.4 Dodging


You had 4 spell levels left.
You didn't know any spells.

Dungeon Overview and Level Annotations

Branches:
Dungeon (4/15)
 Temple: D:4-7

Altars:
Cheibriados
Okawaru
Xom
Yredelemnul
The Shining One

Annotations:
D:4 Leybi's ghost, experienced MiFi


Innate Abilities, Weirdness & Mutations

You are small and have problems with some larger weapons.
You are carnivorous and can eat meat at any time.


Message History

You feel your anger subside.
You are no longer berserk.
You are exhausted.
You feel yourself slow down.
Huge Dmg: -31%(-10hp) hp: 66%(21hp) Read which item? (? for menu, Esc to quit)
Okay, then.
Read which item? (? for menu, Esc to quit)
Okay, then.
The sentinel's mark upon you fades away.
Found a scroll labeled WENOSEU PSAVE.
Found a stone staircase leading down.
Leybi's ghost whispers, "It is all a dream - a grotesque and foolish dream."
Leybi's ghost hits you.
Huge Dmg: -15%(-5hp) hp: 54%(17hp) Leybi's ghost barely misses you.
Leybi's ghost completely misses you. Leybi's ghost hits you!
Huge Dmg: -19%(-6hp) hp: 35%(11hp) Leybi's ghost hits you!
You die...

##...##.##.# #
#.##.# #.##.#
#.##.# #.##.#
#.##.# #.##.#
#..W.# #.@###
#..# #..#
...###..########.
#...............
...####.#########
W .... ###.#.
....


You could see Leybi's ghost.

Vanquished Creatures
  An iguana (D:4)
  Natasha (D:3)
  An adder (D:2)
  A giant mite (D:1)
  3 worms
  2 giant geckos (D:2)
  3 orcs (D:3)
  4 giant cockroaches
  7 hobgoblins
  3 jackals (D:2)
  A quokka (D:3)
  9 bats
  A giant newt (D:2)
  7 goblins
  A kobold (D:1)
  3 rats
48 creatures vanquished.

Notes
Turn   | Place    | Note
--------------------------------------------------------------
     0 | D:1      | Zapata, the Kobold Berserker, began the quest for the Orb.
     0 | D:1      | Reached XP level 1. HP: 14/14 MP: 1/1
    37 | D:1      | Found an iron altar of Okawaru.
   120 | D:1      | Reached XP level 2. HP: 17/19 MP: 2/2
   342 | D:1      | Reached skill level 4 in Maces & Flails
   342 | D:1      | Reached XP level 3. HP: 23/23 MP: 3/3
   798 | D:2      | Found a snail-covered altar of Cheibriados.
   847 | D:2      | Found a snail-covered altar of Cheibriados.
  1165 | D:2      | Reached XP level 4. HP: 26/28 MP: 4/4
  1240 | D:2      | Acquired Trog's second power
  1464 | D:2      | Found a glowing golden altar of the Shining One.
  1464 | D:2      | Found a basalt altar of Yredelemnul.
  1465 | D:2      | Noticed an angel
  1473 | D:2      | Noticed a profane servitor
  1664 | D:3      | Reached skill level 5 in Maces & Flails
  2047 | D:3      | Found a shimmering altar of Xom.
  2050 | D:3      | Noticed Natasha
  2058 | D:3      | Killed Natasha
  2058 | D:3      | Reached XP level 5. HP: 8/32 MP: 5/5
  2059 | D:3      | Found a shimmering altar of Xom.
  2059 | D:3      | Found a shimmering altar of Xom.
  2059 | D:3      | Found a shimmering altar of Xom.
  2345 | D:3      | Found a shimmering altar of Xom.
  2381 | D:3      | You fall through a shaft!
  2404 | D:4      | Got a glittering iron ring
  2406 | D:4      | Noticed Leybi's ghost (experienced MiFi)
  2427 | D:4      | Slain by Leybi's ghost

Action                   |  1- 3 |  4- 6 || total
-------------------------+-------+-------++-------
Melee: Mace              |    71 |    57 ||   128
Invok: Berserk           |     2 |     4 ||     6
 Stab: Sleeping          |     1 |       ||     1
  Eat: Chunk             |     5 |     6 ||    11
